[Event "Titled Tuesday Blitz May 23 Late 2023"]
[White "ThaBarWa"]
[Black "Chos, Alexey"]
[BlackFideId "14117762"]
[WhiteElo "2323"]
[BlackElo "2234"]
[Result "0-1"]
[Round "05"]
[TimeControl "180+2"]
[Date "2023.05.23"]
[WhiteClock "0:01:16"]
[BlackClock "0:01:58"]

1. d4 e6 2. c4 c5 3. d5 exd5 4. cxd5 d6 5. Nc3 Nf6 6. Nf3 g6 7. Bf4 Bg7 8. Qa4+ Bd7 9. Qb3 Qc7 10. e4 O-O 11. Nd2 Re8 12. Be2 Ng4 13. O-O Ne5 14. h3 Na6 15. Bh2 Rac8 16. f4 c4 17. Qd1 Qb6+ 18. Kh1 Qxb2 19. fxe5 Qxc3 20. Rc1 Qd4 21. exd6 c3 22. Nf3 Qxe4 23. Bxa6 bxa6 24. Ng5 Qe2 25. Rxf7 Qxd1+ 26. Rxd1 c2 27. Rc1 Bb2 28. Rxc2 Re1+ 29. Bg1 Rxc2 30. Rxd7 Rcc1 31. Rd8+ Kg7 32. Ne6+ Kh6 33. d7 Rxg1+ 34. Kh2 Be5+ 35. g3 Bxg3# 0-1


[Site "https://www.chess.com"]

[Event "Titled Tuesday Blitz May 23 Late 2023"]
[White "Reprintsev, Alexander"]
[Black "Wang, Alexander J"]
[WhiteFideId "14100541"]
[BlackFideId "30955270"]
[WhiteElo "2218"]
[BlackElo "2287"]
[Result "1-0"]
[Round "05"]
[TimeControl "180+2"]
[Date "2023.05.23"]
[WhiteClock "0:00:38"]
[BlackClock "0:00:00"]

1. e4 c5 2. b3 d6 3. Bb2 Nc6 4. Bb5 Bd7 5. Ne2 Nf6 6. d3 a6 7. Bxc6 Bxc6 8. O-O e6 9. f4 Be7 10. Qe1 d5 11. Nd2 dxe4 12. dxe4 O-O 13. Ng3 b5 14. Nf3 Qb6 15. Ne5 c4+ 16. Kh1 cxb3 17. Nxc6 Qxc6 18. cxb3 Rfd8 19. Rc1 Qb6 20. Qe2 Rac8 21. Nh5 Nxh5 22. Qxh5 Qb7 23. Qe2 Rxc1 24. Rxc1 Rc8 25. Rxc8+ Qxc8 26. g3 Qc6 27. Kg2 h6 28. Kh3 Qc5 29. Be5 Bd6 30. Bxd6 Qxd6 31. Qc2 g6 32. Qc3 Qd1 33. Qe3 Qf1+ 34. Kh4 f6 35. f5 g5+ 36. Kh5 Qd1+ 37. Kxh6 Qd7 38. Kh5 Qh7+ 39. Kg4 Qxh2 40. fxe6 Qh1 41. Qd3 1-0


[Site "https://www.chess.com"]

[Event "Titled Tuesday Blitz May 23 Late 2023"]
[White "Martic, Ivan"]
[Black "Djabri,Massinas"]
[WhiteFideId "929301"]
[BlackFideId "7905726"]
[WhiteElo "2360"]
[BlackElo "2194"]
[Result "0-1"]
[Round "05"]
[TimeControl "180+2"]
[Date "2023.05.23"]
[WhiteClock "0:00:26"]
[BlackClock "0:00:08"]

1. e4 c5 2. Nf3 d6 3. d4 cxd4 4. Nxd4 Nf6 5. Nc3 a6 6. g3 e5 7. Nde2 Be7 8. Bg2 b5 9. a4 b4 10. Nd5 Nxd5 11. Qxd5 Ra7 12. Be3 Be6 13. Qd2 Rb7 14. a5 b3 15. O-O O-O 16. Nc3 bxc2 17. Qxc2 Nc6 18. Bb6 Rxb6 19. axb6 Qxb6 20. Nd5 Bxd5 21. exd5 Nd4 22. Qc4 a5 23. Ra2 Rb8 24. Rfa1 g6 25. Rxa5 Qxb2 26. Ra8 Rxa8 27. Rxa8+ Kg7 28. Ra7 Bd8 29. Ra2 Qb1+ 30. Bf1 Bb6 31. Kg2 Bc5 32. h4 Qd1 33. Qd3 Qg4 34. Ra8 e4 35. Qe3 Nf5 36. Qf4 Nxh4+ 37. Kh1 Qxf4 38. gxf4 Bxf2 39. Rd8 Bc5 40. Re8 e3 41. Be2 h6 42. Re7 g5 43. fxg5 hxg5 44. Bh5 Ng6 45. Kg1 Nxe7 46. Kf1 Nxd5 47. Ke2 Nf4+ 48. Kf3 e2 49. Bg4 e1=Q 50. Bf5 Qf2+ 51. Kg4 Qg2# 0-1


[Site "https://www.chess.com"]

[Event "Titled Tuesday Blitz May 23 Late 2023"]
[White "Ladan, Nicholas"]
[Black "Chyngyz, Sultai"]
[WhiteFideId "30918855"]
[BlackFideId "13803158"]
[WhiteElo "2167"]
[BlackElo "1408"]
[Result "1/2-1/2"]
[Round "05"]
[TimeControl "180+2"]
[Date "2023.05.23"]
[WhiteClock "0:00:06"]
[BlackClock "0:00:17"]

1. d4 Nf6 2. c3 g6 3. Bg5 Bg7 4. e3 O-O 5. Nd2 d6 6. Bd3 h6 7. Bh4 Nbd7 8. Ne2 e5 9. O-O c5 10. a4 d5 11. a5 cxd4 12. cxd4 exd4 13. Nxd4 Ne5 14. Be2 a6 15. Qb3 g5 16. Bg3 Ng6 17. Rfc1 Nd7 18. Nf5 Nc5 19. Rxc5 Bxf5 20. Rxd5 Qf6 21. Rd4 Qe7 22. Rb4 Be6 23. Bc4 Bxc4 24. Nxc4 Rac8 25. Bd6 Qf6 26. Bxf8 Bxf8 27. Rxb7 Qc6 28. h3 Qxc4 29. Qxc4 Rxc4 30. Rb6 Rb4 31. Rxa6 Rxb2 32. Ra8 Kg7 33. a6 Bc5 34. a7 Bxa7 35. R8xa7 Ne5 36. Rd1 Rb5 37. Ra6 Nc4 38. Rd7 Ne5 39. Rdd6 Ng6 40. Rxg6+ fxg6 41. Kh2 h5 42. Kg3 Kh6 43. Ra7 Rb3 44. Kf3 Rb4 45. Ra3 g4+ 46. hxg4 Rxg4 47. e4 Rg5 48. Re3 Re5 49. Kf4 Re6 50. e5 Kg7 51. Ke4 Ra6 52. Rd3 Kf7 53. Kf4 Ra4+ 54. Kg3 Re4 55. Re3 Rd4 56. f4 Ke7 57. Kf3 Ke6 58. Re1 Rd3+ 59. Re3 Rd4 60. Ra3 Kf5 61. Ra6 Rxf4+ 62. Kg3 Re4 63. Rf6+ Kg5 64. Re6 Kf5 65. Rf6+ Kg5 66. Re6 Re3+ 67. Kf2 Rb3 68. Re8 Rb2+ 69. Kf3 Rb3+ 70. Ke4 Rb4+ 71. Kd5 Rb2 72. e6 Rd2+ 73. Ke4 Rxg2 74. e7 Re2+ 75. Kf3 Re6 76. Kg3 Kf6 77. Ra8 Rxe7 78. Ra7 Re6 79. Ra8 Re5 80. Ra6+ Kg5 81. Ra8 Rf5 82. Kh3 Rf3+ 83. Kg2 Kg4 84. Ra4+ Rf4 85. Ra6 g5 86. Ra5 h4 87. Ra8 h3+ 88. Kg1 Kg3 89. Ra3+ Rf3 90. Ra1 g4 91. Kh1 h2 92. Ra3 Kf2 93. Ra2+ Ke3 94. Rxh2 Rg3 95. Ra2 Kf4 96. Ra4+ Kg5 97. Kh2 Kh4 98. Ra8 Rh3+ 99. Kg2 Rc3 100. Rh8+ Kg5 101. Rg8+ Kf4 102. Rf8+ Ke5 103. Re8+ Kd6 104. Rg8 Rc4 105. Kg3 Rc1 106. Rxg4 Rc2 107. Kh4 Rh2+ 108. Kg3 Rd2 109. Rf4 Rd3+ 110. Rf3 Rxf3+ 111. Kxf3 1/2-1/2


[Site "https://www.chess.com"]

[Event "Titled Tuesday Blitz May 23 Late 2023"]
[White "ritanovikova"]
[Black "Liu, Casper"]
[BlackFideId "1454153"]
[WhiteElo "2176"]
[BlackElo "2221"]
[Result "0-1"]
[Round "05"]
[TimeControl "180+2"]
[Date "2023.05.23"]
[WhiteClock "0:00:09"]
[BlackClock "0:01:17"]

1. e4 c5 2. Nc3 g6 3. d3 Bg7 4. Be3 d6 5. Qd2 Nf6 6. Bh6 Bxh6 7. Qxh6 Qa5 8. Nf3 Nc6 9. Qd2 b5 10. Be2 b4 11. Nd5 Nxd5 12. exd5 Nb8 13. O-O Bb7 14. Qh6 Bxd5 15. Qg7 Rf8 16. a3 b3 17. cxb3 Bxb3 18. d4 cxd4 19. Nxd4 Bd5 20. Bb5+ Nd7 21. Rfe1 a6 22. Nc6 Bxc6 23. Bxc6 Rc8 24. Rec1 Qe5 25. Qxh7 Rh8 26. Qxh8+ Qxh8 27. b4 Rxc6 0-1


[Site "https://www.chess.com"]

[Event "Titled Tuesday Blitz May 23 Late 2023"]
[White "Deviprasath, Sharvesh"]
[Black "Djordjevic, Dejan N"]
[WhiteFideId "30938228"]
[BlackFideId "913316"]
[WhiteElo "2168"]
[BlackElo "2261"]
[Result "1-0"]
[Round "05"]
[TimeControl "180+2"]
[Date "2023.05.23"]
[WhiteClock "0:02:07"]
[BlackClock "0:01:04"]

1. e4 c5 2. Nc3 Nc6 3. Bb5 d6 4. d4 cxd4 5. Qxd4 Bd7 6. Bxc6 Bxc6 7. Nf3 Nf6 8. Bg5 a6 9. O-O-O Qa5 10. Rhe1 h6 11. e5 hxg5 12. exf6 gxf6 13. Qxf6 Bxf3 14. gxf3 Rxh2 15. Qxd6 1-0


[Site "https://www.chess.com"]

[Event "Titled Tuesday Blitz May 23 Late 2023"]
[White "Ognean, Mihnea-Ionut"]
[Black "Cagara, Paulina"]
[WhiteFideId "1232347"]
[BlackFideId "1124870"]
[WhiteElo "2215"]
[BlackElo "1967"]
[Result "1/2-1/2"]
[Round "05"]
[TimeControl "180+2"]
[Date "2023.05.23"]
[WhiteClock "0:00:06"]
[BlackClock "0:00:11"]

1. d4 f5 2. g3 g6 3. Bg2 Bg7 4. c4 c6 5. Nf3 Nf6 6. Nc3 O-O 7. O-O d6 8. Re1 Na6 9. a3 Nc7 10. e4 e6 11. Qd3 d5 12. exd5 exd5 13. Bf4 dxc4 14. Qxc4+ Kh8 15. Rad1 Ncd5 16. Be5 Be6 17. Qd3 Bg8 18. Nd2 Qd7 19. Nc4 Rad8 20. Ne3 Nxe3 21. fxe3 Ng4 22. Bxg7+ Qxg7 23. h3 Nf6 24. e4 fxe4 25. Nxe4 Nxe4 26. Bxe4 Bd5 27. Kg2 a6 28. h4 Bxe4+ 29. Qxe4 Rd5 30. Qe7 Rd7 31. Qxg7+ Kxg7 32. Re4 Rfd8 33. Rde1 Kf7 34. Kf3 b5 35. Re6 Rxd4 36. Rxc6 Rd3+ 37. Kg4 R8d4+ 38. Kh3 h5 39. Rc7+ Kf6 40. Rc6+ Rd6 41. Rec1 Kf5 42. R1c5+ Ke4 43. Rc8 Kf3 44. Rf8+ Ke2 45. Re5+ Kd2 46. Rf2+ Kc1 47. Ree2 Rd2 48. Re1+ Kc2 49. Rxd2+ Rxd2 50. Re6 Kxb2 51. Rxa6 Rd3 52. Rxg6 Kxa3 53. Rg5 b4 54. Rxh5 b3 55. Rb5 b2 56. Rxb2 Kxb2 57. Kg4 Kc3 58. Kf4 Kd4 59. h5 Rd2 60. g4 Rf2+ 61. Kg5 Ke5 62. h6 Rh2 63. Kg6 Kf4 64. g5 Rh3 65. Kf6 Kg4 66. Kg7 Kxg5 67. h7 Kf5 68. h8=Q Rxh8 69. Kxh8 1/2-1/2


[Site "https://www.chess.com"]

[Event "Titled Tuesday Blitz May 23 Late 2023"]
[White "coquitovich"]
[Black "Janaszak, Dawid"]
[BlackFideId "1119206"]
[WhiteElo "2156"]
[BlackElo "2220"]
[Result "0-1"]
[Round "05"]
[TimeControl "180+2"]
[Date "2023.05.23"]
[WhiteClock "0:00:00"]
[BlackClock "0:00:30"]

1. Nf3 g6 2. e4 c5 3. d3 Bg7 4. g3 Nc6 5. Bg2 e5 6. O-O Nge7 7. c3 O-O 8. Nh4 d6 9. f4 f5 10. Nd2 exf4 11. gxf4 Be6 12. Ndf3 Kh8 13. Ng5 Bg8 14. exf5 Nxf5 15. Nxf5 Rxf5 16. Be4 Ne7 17. Qf3 d5 18. Bxf5 Nxf5 19. Bd2 b5 20. Rae1 Qb6 21. Qh3 Rf8 22. Re6 Qd8 23. Rfe1 Bf6 24. Nf3 Bxe6 25. Rxe6 Re8 26. Re1 Rxe1+ 27. Nxe1 b4 28. Qf3 Qd6 29. Nc2 a5 30. Ne3 bxc3 31. bxc3 Ne7 32. Ng4 Bg7 33. Qe2 h6 34. Ne5 Kh7 35. d4 a4 36. Be3 c4 37. Qg4 Qa3 38. Qe6 Qxc3 39. Qxe7 Qxe3+ 40. Kg2 Qxf4 41. Qe6 Qe4+ 42. Kf1 c3 0-1


[Site "https://www.chess.com"]

[Event "Titled Tuesday Blitz May 23 Late 2023"]
[White "Sailer, Mike"]
[Black "Cruz Mendez, Jean Marco"]
[WhiteFideId "2012901"]
[BlackFideId "3526402"]
[WhiteElo "2109"]
[BlackElo "2064"]
[Result "0-1"]
[Round "05"]
[TimeControl "180+2"]
[Date "2023.05.23"]
[WhiteClock "0:01:47"]
[BlackClock "0:02:02"]

1. d4 Nf6 2. Bg5 Ne4 3. Bf4 c5 4. f3 Qa5+ 5. c3 Nf6 6. d5 d6 7. e4 e5 8. dxe6 Bxe6 9. Na3 Be7 10. Bb5+ Nc6 11. Bxc6+ bxc6 12. Nc4 Bxc4 0-1


[Site "https://www.chess.com"]

[Event "Titled Tuesday Blitz May 23 Late 2023"]
[White "Torres Dominguez, David"]
[Black "MKlose11"]
[WhiteFideId "2220857"]
[WhiteElo "1999"]
[BlackElo "2660"]
[Result "1/2-1/2"]
[Round "05"]
[TimeControl "180+2"]
[Date "2023.05.23"]
[WhiteClock "0:00:17"]
[BlackClock "0:00:15"]

1. e4 e6 2. d4 d5 3. exd5 exd5 4. Bd3 Nf6 5. Nf3 c5 6. O-O Be7 7. dxc5 O-O 8. Be3 Bg4 9. Nbd2 Nc6 10. Nb3 a5 11. a4 Re8 12. h3 Bh5 13. Be2 Ne4 14. Nfd4 Nxd4 15. Bxd4 Bxe2 16. Qxe2 Bxc5 17. Qb5 b6 18. Bxc5 bxc5 19. Rad1 Rb8 20. Qxa5 Qxa5 21. Nxa5 Rxb2 22. Rxd5 Rxc2 23. Re1 g6 24. Nc6 Re6 25. Nd8 Re8 26. a5 c4 27. Rd4 Nf6 28. Rxe8+ Nxe8 29. a6 c3 30. a7 Ra2 31. Rc4 Rxa7 32. Rxc3 Rd7 33. Rc8 Kf8 34. Nc6 Rd1+ 35. Kh2 Rc1 36. Na7 Ra1 37. Nb5 Rd1 38. Nc7 Re1 39. Rxe8+ Rxe8 40. Nxe8 Kxe8 41. Kg3 Ke7 42. Kf4 Kf6 43. h4 h6 44. g4 Ke6 45. g5 h5 46. Ke4 Kd6 47. Kd4 Ke6 48. Ke4 f6 49. f4 Kd6 50. gxf6 Ke6 51. f7 Kxf7 52. f5 Kf6 53. fxg6 Kxg6 54. Kf4 Kf6 55. Kg3 Kf5 56. Kh3 Kf4 57. Kh2 Kg4 58. Kh1 Kxh4 59. Kg1 Kh3 60. Kh1 Kg3 61. Kg1 Kf3 62. Kh1 Kg3 63. Kg1 Kg4 64. Kh1 h4 65. Kg1 Kh3 66. Kh1 Kg3 67. Kg1 Kf3 68. Kh1 Kf2 69. Kh2 Kf3 70. Kh3 Kf4 71. Kxh4 1/2-1/2


[Site "https://www.chess.com"]

[Event "Titled Tuesday Blitz May 23 Late 2023"]
[White "Mazurkiewicz, Michal"]
[Black "Kleiman, Jake"]
[WhiteFideId "1124943"]
[BlackFideId "2020041"]
[WhiteElo "2054"]
[BlackElo "2610"]
[Result "0-1"]
[Round "05"]
[TimeControl "180+2"]
[Date "2023.05.23"]
[WhiteClock "0:00:07"]
[BlackClock "0:00:11"]

1. e4 e5 2. Nf3 Nc6 3. Bb5 a6 4. Bxc6 dxc6 5. O-O f6 6. d4 Bg4 7. dxe5 Qxd1 8. Rxd1 Bxf3 9. gxf3 fxe5 10. f4 Nf6 11. Nc3 Bb4 12. fxe5 Bxc3 13. exf6 Bxf6 14. Bf4 Rc8 15. c3 h5 16. h3 Rf8 17. Bh2 Bg5 18. Rd3 Bf4 19. Bxf4 Rxf4 20. f3 Rd8 21. Rad1 Rd6 22. Kf2 Ke7 23. Kg3 g5 24. c4 b6 25. b4 Rf8 26. c5 Rxd3 27. Rxd3 Ke6 28. Ra3 Ra8 29. f4 gxf4+ 30. Kxf4 a5 31. bxa5 bxc5 32. a6 c4 33. Ke3 Ke5 34. a7 c5 35. Ra5 Kd6 36. e5+ Kd5 37. e6 Kxe6 38. Rxc5 Rxa7 39. Rxh5 Rxa2 40. Rc5 Ra3+ 41. Kd4 Kd6 42. Rh5 c3 43. Rh6+ Kd7 44. Kd3 c6 45. Kc2 Kc7 46. h4 Kb6 47. h5 Kc5 48. Rh8 Kc4 49. Rc8 c5 50. h6 Ra2+ 51. Kd1 Rh2 52. Rh8 c2+ 53. Kc1 Kc3 54. Rc8 Rh1# 0-1


[Site "https://www.chess.com"]

[Event "Titled Tuesday Blitz May 23 Late 2023"]
[White "Fishbein, Alexander"]
[Black "zsizsi99"]
[WhiteFideId "2000377"]
[WhiteElo "2415"]
[BlackElo "2408"]
[Result "1-0"]
[Round "05"]
[TimeControl "180+2"]
[Date "2023.05.23"]
[WhiteClock "0:00:19"]
[BlackClock "0:00:00"]

1. d4 Nf6 2. c4 c5 3. d5 b5 4. cxb5 a6 5. b6 e6 6. Nc3 exd5 7. Nxd5 Nxd5 8. Qxd5 Nc6 9. e3 Be7 10. Nf3 Qxb6 11. Bc4 O-O 12. O-O d6 13. Qh5 g6 14. Qh6 Na5 15. Bd5 Bb7 16. e4 Bxd5 17. exd5 Nc4 18. b3 Ne5 19. Nxe5 dxe5 20. Bb2 Bf6 21. Rac1 a5 22. Qe3 a4 23. Qxc5 Rfb8 24. Qxb6 Rxb6 25. Rc6 Raa6 26. Rfc1 Kg7 27. g4 h6 28. h4 axb3 29. axb3 g5 30. hxg5 hxg5 31. b4 Rxc6 32. dxc6 Ra8 33. b5 Kf8 34. b6 Ra2 35. c7 Rxb2 36. c8=Q+ Kg7 37. b7 e4 38. b8=Q 1-0


[Site "https://www.chess.com"]

[Event "Titled Tuesday Blitz May 23 Late 2023"]
[White "cryptoguru02"]
[Black "Schuster, Karsten"]
[BlackFideId "4611071"]
[WhiteElo "2557"]
[BlackElo "2254"]
[Result "1-0"]
[Round "05"]
[TimeControl "180+2"]
[Date "2023.05.23"]
[WhiteClock "0:00:05"]
[BlackClock "0:00:00"]

1. d4 d5 2. c4 e6 3. Nc3 Nf6 4. Nf3 Be7 5. Bf4 c6 6. e3 O-O 7. c5 b6 8. b4 Ba6 9. Bxa6 Nxa6 10. Qa4 Qc8 11. O-O b5 12. Qb3 Nc7 13. a4 a6 14. axb5 axb5 15. Rxa8 Nxa8 16. h3 Nc7 17. Ra1 Qb7 18. Ra3 Ra8 19. Qa2 Rxa3 20. Qxa3 Na6 21. Nd2 Nd7 22. Nb3 f6 23. Bd6 Bd8 24. Bg3 Bc7 25. Bxc7 Nxc7 26. Na5 Qa8 27. e4 Kf7 28. Qb2 Na6 29. h4 Nf8 30. h5 Qc8 31. g3 Nb8 32. f4 Kg8 33. e5 f5 34. Qe2 Qe8 35. Na2 Na6 36. Nb7 Qa8 37. Nd6 Nc7 38. Qb2 Qa4 39. Nc3 Qa7 40. Kg2 g6 41. h6 g5 42. fxg5 Ng6 43. Qa2 Qb8 44. Ne2 Qd8 45. Qd2 Ne8 46. Nxe8 Qxe8 47. Nf4 Nxf4+ 48. gxf4 Qh5 49. Qf2 Qg4+ 50. Qg3 Qd1 51. Kh3 Qxd4 52. g6 1-0


[Site "https://www.chess.com"]

[Event "Titled Tuesday Blitz May 23 Late 2023"]
[White "StarkyNZ"]
[Black "Estrada Nieto, Julian"]
[BlackFideId "5101018"]
[WhiteElo "2348"]
[BlackElo "2161"]
[Result "1-0"]
[Round "05"]
[TimeControl "180+2"]
[Date "2023.05.23"]
[WhiteClock "0:00:27"]
[BlackClock "0:00:17"]

1. c4 e5 2. Nc3 Nf6 3. g3 d5 4. cxd5 Nxd5 5. Bg2 Nb6 6. Nf3 Nc6 7. O-O Be7 8. d3 O-O 9. a3 a5 10. Be3 Re8 11. Rc1 Bf8 12. Nb5 Nd5 13. Bc5 Bg4 14. h3 Bh5 15. Qb3 a4 16. Qa2 Ra5 17. Bxf8 Rxb5 18. Bc5 b6 19. Nd2 Nce7 20. Bxe7 Nxe7 21. g4 Bg6 22. Ne4 Nd5 23. Nc3 Nxc3 24. Rxc3 c5 25. Bc6 Ra5 26. Bxe8 Qxe8 27. Qd5 Kh8 28. e4 f6 29. f4 exf4 30. Rxf4 Bf7 31. Qb7 Rb5 32. Rf2 h6 33. Qc7 Qe6 34. e5 fxe5 35. Qxf7 Qxf7 36. Rxf7 Rxb2 37. Ra7 b5 38. Rxc5 Rb3 39. Rxe5 Rxd3 40. Rxb5 Rxa3 41. Kg2 Ra2+ 42. Kg3 a3 43. Rb8+ Kh7 44. Rbb7 Kg6 45. Rxg7+ Kf6 46. Rh7 Kg6 47. Rhb7 Ra1 48. Rb6+ Kg5 49. Ra5# 1-0


[Site "https://www.chess.com"]

[Event "Titled Tuesday Blitz May 23 Late 2023"]
[White "Rose, Felix"]
[Black "Bruedigam, Martin"]
[WhiteFideId "5105722"]
[BlackFideId "24608033"]
[WhiteElo "2039"]
[BlackElo "2331"]
[Result "1-0"]
[Round "05"]
[TimeControl "180+2"]
[Date "2023.05.23"]
[WhiteClock "0:00:04"]
[BlackClock "0:00:00"]

1. e4 c6 2. d4 d5 3. e5 Bf5 4. h4 h5 5. Bd3 Bxd3 6. Qxd3 e6 7. Bg5 Be7 8. Nf3 Nd7 9. O-O Nh6 10. Nc3 Nf5 11. g3 Qb6 12. Bxe7 Nxe7 13. Ne2 Nf5 14. a4 a5 15. c3 g6 16. b4 Kf8 17. Rfb1 Qc7 18. c4 dxc4 19. Qxc4 Kg7 20. Nf4 axb4 21. Rxb4 Rhc8 22. Ng5 Nf8 23. Rab1 Ra7 24. a5 Qd7 25. Rb6 Rc7 26. Qc5 Qxd4 27. Qa3 Qxe5 28. a6 Rxa6 29. Rxa6 bxa6 30. Qxa6 c5 31. Qb6 c4 32. Rc1 c3 33. Qb3 Nd4 34. Qa3 Ne2+ 35. Nxe2 Qxe2 36. Kg2 Qe5 37. Nf3 Qf6 38. Rc2 Rc6 39. Qc1 Nd7 40. Ng5 Ne5 41. Ne4 Qf5 42. Nxc3 Ng4 43. Qd2 Qe5 44. Ne2 Rc3 45. Rxc3 1-0


[Site "https://www.chess.com"]

[Event "Titled Tuesday Blitz May 23 Late 2023"]
[White "Hernandez Leon, Alberto"]
[Black "Ismayil, Malak"]
[WhiteFideId "2272555"]
[BlackFideId "13412604"]
[WhiteElo "2239"]
[BlackElo "1868"]
[Result "1-0"]
[Round "05"]
[TimeControl "180+2"]
[Date "2023.05.23"]
[WhiteClock "0:00:05"]
[BlackClock "0:00:03"]

1. d4 Nf6 2. c4 e6 3. Nf3 d5 4. g3 dxc4 5. Bg2 Nc6 6. O-O Be7 7. Qa4 O-O 8. Qxc4 a6 9. Nc3 Re8 10. e4 Bd7 11. Bg5 b5 12. Qe2 b4 13. Nd1 Na5 14. Qc2 Bb5 15. Re1 h6 16. Bxf6 Bxf6 17. e5 Be7 18. Ne3 Rc8 19. Red1 Qd7 20. d5 exd5 21. Nxd5 Qg4 22. Nd4 c5 23. Nf5 Bf8 24. Nde3 Qg6 25. Be4 Qe6 26. Ng4 Bc6 27. Nfxh6+ gxh6 28. Bf5 Qc4 29. Nf6+ Kh8 30. Qd2 Rcd8 31. Qxd8 Rxd8 32. Rxd8 Kg7 33. Nh5+ Kg8 34. Nf6+ Kg7 35. Nh5+ Kg8 36. Rad1 Qe2 37. Nf6+ Kg7 38. Bg4 Qxe5 39. Nh5+ Kg8 40. Rc8 Qg5 41. Rdd8 f5 42. Rxf8+ Kh7 43. Rf7+ Kg6 44. Rg7# 1-0


[Site "https://www.chess.com"]

[Event "Titled Tuesday Blitz May 23 Late 2023"]
[White "Kokoszczynski, Jan"]
[Black "Lalanne, Pablo"]
[WhiteFideId "1174460"]
[BlackFideId "112151"]
[WhiteElo "2139"]
[BlackElo "2120"]
[Result "1-0"]
[Round "05"]
[TimeControl "180+2"]
[Date "2023.05.23"]
[WhiteClock "0:00:42"]
[BlackClock "0:00:03"]

1. d4 Nf6 2. c4 e6 3. Nc3 c5 4. d5 exd5 5. cxd5 d6 6. Nf3 g6 7. Bf4 a6 8. a4 Bg7 9. e3 O-O 10. h3 Re8 11. Be2 Nh5 12. Bh2 f5 13. O-O Qc7 14. Nd2 Nf6 15. Nc4 Bf8 16. Qc2 b6 17. Rfd1 Nbd7 18. b3 Ne4 19. Nxe4 Rxe4 20. Bd3 Re8 21. e4 fxe4 22. Bxe4 Nf6 23. Bd3 Bb7 24. Ne3 Bg7 25. Rac1 Nd7 26. Nc4 Ne5 27. Be4 Re7 28. Bg3 Rae8 29. Re1 b5 30. axb5 axb5 31. Ne3 Nd7 32. Bf3 Ne5 33. Be2 Qb6 34. h4 Nd7 35. h5 Nf8 36. Bg4 Bd4 37. Bf4 Rf7 38. Bh6 Bc8 39. Nc4 bxc4 40. Rxe8 Bxg4 41. hxg6 Rg7 42. gxh7+ 1-0


[Site "https://www.chess.com"]

[Event "Titled Tuesday Blitz May 23 Late 2023"]
[White "Machidon, Cristi"]
[Black "Pace, Christopher"]
[WhiteFideId "13904590"]
[BlackFideId "2610167"]
[WhiteElo "2355"]
[BlackElo "2290"]
[Result "1-0"]
[Round "05"]
[TimeControl "180+2"]
[Date "2023.05.23"]
[WhiteClock "0:00:32"]
[BlackClock "0:00:00"]

1. e4 e5 2. Nf3 Nc6 3. Bb5 Nge7 4. O-O g6 5. c3 Bg7 6. d4 exd4 7. cxd4 d5 8. exd5 Nxd5 9. Re1+ Be6 10. Bg5 Qd6 11. Nbd2 O-O 12. Ne4 Qb4 13. Bxc6 bxc6 14. b3 Bg4 15. h3 Bxf3 16. Qxf3 Qxd4 17. Rad1 Qb4 18. Bd2 Qa3 19. Rc1 Qxa2 20. Rxc6 f5 21. Ng5 Qxd2 22. Rec1 Qxg5 23. Qxd5+ Kh8 24. Rxc7 Rad8 25. Qb7 Rg8 26. Qxa7 Qf6 27. Re1 Qd4 28. Qb7 Rd6 29. Ree7 Qa1+ 30. Kh2 Qf6 31. Rf7 Qe5+ 32. g3 Rd2 33. Kg2 1-0


[Site "https://www.chess.com"]

[Event "Titled Tuesday Blitz May 23 Late 2023"]
[White "Cardozo Munar, Carlos Eduardo"]
[Black "Petrovic, Aleksa"]
[WhiteFideId "4409477"]
[BlackFideId "967629"]
[WhiteElo "2067"]
[BlackElo "2309"]
[Result "0-1"]
[Round "05"]
[TimeControl "180+2"]
[Date "2023.05.23"]
[WhiteClock "0:00:20"]
[BlackClock "0:00:52"]

1. e4 d5 2. exd5 Qxd5 3. Nf3 Nf6 4. Be2 g6 5. O-O Bg7 6. d4 O-O 7. c3 b6 8. Bf4 Qd8 9. h3 Bb7 10. Nbd2 Nbd7 11. Ne5 c5 12. Bf3 Qc8 13. Rc1 Rd8 14. Bxb7 Qxb7 15. Ndf3 cxd4 16. cxd4 Nxe5 17. Nxe5 Rac8 18. Qb3 Qd5 19. Nc6 Rxc6 20. Qxd5 Nxd5 21. Rxc6 Nxf4 22. Rc7 Bxd4 23. Rxe7 a5 24. b3 Bc5 25. Re4 Ne6 26. Rfe1 Rd2 27. R1e2 Rxe2 28. Rxe2 Kf8 29. Kf1 Ke7 30. g3 Kd6 31. Rd2+ Kc6 32. Ke2 Nd4+ 33. Kd3 Nf5 34. Re2 Nd6 35. f4 Kd7 36. g4 f5 37. Re5 Nf7 38. Re2 Bd6 39. Rf2 Ke6 40. Kc4 Bc5 41. Re2+ Kd7 42. Kd5 Nd6 43. a4 Ne4 44. gxf5 Nc3+ 45. Ke5 Nxe2 46. fxg6 hxg6 47. Kf6 Nxf4 48. Kg5 Nxh3+ 49. Kxg6 Bb4 50. Kf5 Ng1 51. Ke4 Ne2 52. Kd3 Nc1+ 53. Kc2 Nxb3 54. Kxb3 Kc6 55. Kc4 Kd6 56. Kd4 Bc5+ 57. Kc4 Kc6 58. Kc3 Kd5 59. Kd3 Bb4 60. Kc2 Kc4 61. Kb2 Kd3 62. Kb3 Kd2 63. Kb2 Bc3+ 64. Kb3 Kd3 65. Ka3 Kc4 66. Ka2 Kb4 67. Kb1 Kxa4 68. Ka2 Kb4 69. Kb1 a4 70. Ka2 a3 71. Kb1 Kb3 72. Kc1 a2 73. Kd1 a1=Q+ 74. Ke2 Qe1+ 75. Kf3 Bd4 76. Kf4 Qe3+ 77. Kf5 Qf3+ 78. Kg6 Qg4+ 79. Kh7 Qg7# 0-1


[Site "https://www.chess.com"]

[Event "Titled Tuesday Blitz May 23 Late 2023"]
[White "ArrestingPieces"]
[Black "olga-belka"]
[WhiteElo "2472"]
[BlackElo "2263"]
[Result "1-0"]
[Round "05"]
[TimeControl "180+2"]
[Date "2023.05.23"]
[WhiteClock "0:00:40"]
[BlackClock "0:00:00"]

1. d4 Nf6 2. Nf3 g6 3. Nc3 d5 4. Bf4 Bg7 5. Nb5 Na6 6. e3 c6 7. Nc3 Nc7 8. h3 O-O 9. Be2 b6 10. O-O c5 11. Ne5 Bb7 12. a4 Nd7 13. Nxd7 Qxd7 14. dxc5 bxc5 15. Bxc7 Qxc7 16. Nxd5 Qe5 17. c4 e6 18. Nc3 Rfd8 19. Qc2 Rab8 20. Rfd1 Qg5 21. Bf1 Bc6 22. Rxd8+ Rxd8 23. Rd1 Rb8 24. Rd6 Ba8 25. Nb5 Qe5 26. Qd2 Bf6 27. b3 Kg7 28. Rd7 a6 29. Nd6 Rf8 30. Qd1 Bc6 31. Rc7 Ba8 32. Ra7 a5 33. Nxf7 Rxf7 34. Rxa8 Rb7 35. g3 Rxb3 36. Ra7+ Kh6 37. Qd7 Bg7 38. Rxa5 Rb1 39. Qd8 Bf6 40. Qf8+ Bg7 41. Qxc5 Qf6 42. Qd6 1-0


[Site "https://www.chess.com"]

[Event "Titled Tuesday Blitz May 23 Late 2023"]
[White "Vovk, Orest"]
[Black "Matute Escobar, Roxanny"]
[WhiteFideId "14113490"]
[BlackFideId "3926028"]
[WhiteElo "2215"]
[BlackElo "1844"]
[Result "0-1"]
[Round "05"]
[TimeControl "180+2"]
[Date "2023.05.23"]
[WhiteClock "0:00:00"]
[BlackClock "0:00:15"]

1. h4 Nf6 2. h5 d5 3. c4 e5 4. cxd5 Nxd5 5. Nc3 Be6 6. d3 Nc6 7. Nf3 Bc5 8. h6 g6 9. Ng5 Qf6 10. Nce4 Bb4+ 11. Bd2 Qe7 12. Nxe6 Qxe6 13. a3 Bxd2+ 14. Qxd2 O-O-O 15. g3 Nd4 16. Qa5 Kb8 17. Qa4 f5 18. Nc3 Qb6 19. Nd1 e4 20. dxe4 fxe4 21. Bg2 Rhe8 22. e3 Nb3 23. Rb1 Nc5 24. Qc2 Nd3+ 25. Kf1 Nf6 26. Kg1 Rf8 27. Nc3 Ng4 28. Nxe4 Ndxf2 29. Re1 Nd3 30. Rd1 Qxe3+ 31. Nf2 Rxf2 32. Rxd3 Rxc2+ 33. Rxe3 Rc1+ 0-1


[Site "https://www.chess.com"]

[Event "Titled Tuesday Blitz May 23 Late 2023"]
[White "Toncheva, Nadya"]
[Black "kiwibobo"]
[WhiteFideId "2924056"]
[WhiteElo "2101"]
[BlackElo "2184"]
[Result "0-1"]
[Round "05"]
[TimeControl "180+2"]
[Date "2023.05.23"]
[WhiteClock "0:00:00"]
[BlackClock "0:00:04"]

1. d4 Nf6 2. c4 g6 3. Nc3 d5 4. Qb3 dxc4 5. Qxc4 Bg7 6. e4 O-O 7. Bf4 Nc6 8. d5 Na5 9. Qxc7 Qxc7 10. Bxc7 b6 11. Nf3 Bb7 12. Bd3 Rac8 13. Be5 Nc4 14. Bxc4 Rxc4 15. Nd2 Rcc8 16. f4 e6 17. d6 Rfd8 18. O-O a6 19. Rac1 Bc6 20. Rfd1 b5 21. Bxf6 Bxf6 22. e5 Bg7 23. Nce4 f6 24. exf6 Bh8 25. Kf2 Kf7 26. Ke3 Bxf6 27. Rc2 Bxe4 28. Rxc8 Rxc8 29. Nxe4 Bxb2 30. d7 Rd8 31. Nc5 Ke7 32. Ke4 Ba3 33. Nxa6 Rxd7 34. Rb1 Rb7 35. Nb4 Kd6 36. Nd3 b4 37. Ne5 Rc7 38. Rd1+ Ke7 39. Rd2 Kf6 40. g4 h6 41. h4 h5 42. g5+ Kg7 43. Nd7 Bc1 44. Re2 Rc4+ 45. Ke5 Rc3 46. Kxe6 Rc4 47. Nf6 Bxf4 48. Kd7 Rc7+ 49. Kd8 Ra7 50. Re8 Ra8+ 51. Kd7 Rxe8 52. Kxe8 Bg3 53. Kd7 Bxh4 54. Ne4 Be1 55. Ke6 h4 56. Ke5 h3 57. Nf6 h2 0-1


[Site "https://www.chess.com"]